cohdb
Replays
Latest Replays
All Replays
Popular Replays
Top Player Replays
Match Explorer
How It Works
Community
CoH3 Stats
Reddit
Sign in to upload your games and track your stats! →
Sign in with Steam
That allied micro 🤡🤡🤡🤡🤡🤡
Match 21529795
Overview
Messages
Build Orders
End
Kradschützen Motorcycle Team
Panzerpioneer Squad
Construct Light Support Kompanie
MG34 Team
MG34 Team
Construct Mechanized Kompanie
Selects Armored Support Battlegroup
Selects Armored Support Battlegroup
Selects Superior Fire Drills
Selects Salvage Kits
8 Rad Armored Car
Panzerpioneer Squad
Vehicle Survival Package
8 Rad Armored Car
Marder III Tank Destroyer
8 Rad Armored Car
Selects Panzer Storm
254 Reconnaissance Tractor
254 Reconnaissance Tractor
Support Armor Elements
Emergency Repair Kits
Selects Stuka Dive Bomb
8 Rad Armored Car
Stuka Dive Bomb
8 Rad Armored Car
Marder III Tank Destroyer
Rapid Advance
254 Reconnaissance Tractor
Marder III Tank Destroyer
PuliPutia
I'm that #B!tch
aSIIDemolitionHammer
*Mule
0
0
Comments
sign in to comment!
No comments posted yet!